 Dungeon Crawl Stone Soup version 0.22-a0-159-g7ce444f (webtiles) character file.

59186 esc the Severer (level 14, -5/135 HPs)
             Began as a Hill Orc Artificer on Feb 9, 2018.
             Was a High Priest of Beogh.
             Shot with a bolt by a yaktaur (14 damage)
             ... on level 14 of the Dungeon.
             The game lasted 01:24:08 (31917 turns).

esc the Severer (Hill Orc Artificer)               Turns: 31917, Time: 01:24:09

Health: -5/135     AC: 16    Str: 17    XL:     14   Next: 93%
Magic:  23/23      EV:  9    Int: 11    God:    Beogh [*****.]
Gold:   1526       SH:  0    Dex: 14    Spells: 11/13 levels left

rFire    . . .     SeeInvis +   z - +0 battleaxe
rCold    . . .     Gourm    +   (shield currently unavailable)
rNeg     . . .     Faith    .   x - +0 chain mail
rPois    +         Spirit   .   m - +0 helmet
rElec    .         Reflect  .   P - +0 cloak
rCorr    .         Harm     .   S - +0 pair of gloves (curse)
MR       +....                  (no boots)
Stlth    ..........             T - amulet of the gourmand {Gourm, !d}
HPRegen  0.32/turn              N - ring of poison resistance {rPois, !d}
MPRegen  0.18/turn              C - ring of see invisible {sInv, !d}

@: very slightly contaminated
A: walk on water
a: Smiting, Recall Orcish Followers, Give Item to Named Follower, Renounce
Religion


You were on level 14 of the Dungeon.
You worshipped Beogh.
Beogh was extremely pleased with you.
You were very full.

You visited 3 branches of the dungeon, and saw 21 of its levels.

You collected 1604 gold pieces.
You spent 78 gold pieces at shops.

Inventory:

Hand Weapons
 b - the +8 whip "Snakebite" {curare, rPois}
   (You found it on level 1 of the Lair of Beasts)

   It poisons the flesh of those it strikes.
   It protects you from poison.
 z - a +0 battleaxe (weapon)
   (You took it off a wight on level 7 of the Dungeon)
 F - a +4 scimitar of flaming
   (You found it on level 9 of the Dungeon)
 I - the +10 shortbow "Zusud" {velocity, rF- rC- Str+8 SInv}
   (You found it on level 10 of the Dungeon)

   Any arrow fired from it inflicts extra damage.
   It affects your strength (+8).
   It makes you vulnerable to fire.
   It makes you vulnerable to cold.
   It lets you see invisible.
Missiles
 s - 5 throwing nets {=f, !d}
 B - 4 curare-tipped needles
Armour
 m - a +0 helmet (worn)
   (You found it on level 11 of the Dungeon)
 x - a +0 chain mail (worn)
   (You took it off an orc on level 4 of the Dungeon)
 P - a +0 cloak (worn)
   (You found it on level 4 of the Lair of Beasts)
 S - a cursed +0 pair of gloves (worn)
   (You found it on level 1 of the Swamp)
Jewellery
 v - a +3 amulet of reflection
   (You found it on level 12 of the Dungeon)
 C - a ring of see invisible (right hand) {sInv, !d}
   (You found it on level 3 of the Lair of Beasts)
 G - an uncursed ring of ice {rC+, rF-}
   (You found it on level 9 of the Dungeon)
 N - a ring of poison resistance (left hand) {rPois, !d}
   (You found it on level 1 of the Lair of Beasts)
 T - an amulet of the gourmand (around neck) {Gourm, !d}
   (You found it on level 12 of the Dungeon)
Wands
 d - a wand of enslavement (6)
 e - a wand of random effects (32)
 w - a wand of disintegration (11)
   (You found it on level 6 of the Dungeon)
 H - a wand of iceblast (5)
   (You found it on level 10 of the Dungeon)
 O - a wand of digging (18)
   (You found it on level 1 of the Swamp)
 U - a wand of flame (30)
   (You found it on level 13 of the Dungeon)
Scrolls
 f - 4 scrolls of identify
 h - 3 scrolls of enchant weapon
 j - 7 scrolls of enchant armour
 k - a scroll of blinking {!r}
 q - 2 scrolls of immolation {!r}
 t - 10 scrolls of remove curse
 y - 4 scrolls of teleportation
 A - a scroll of torment {!r}
 E - 3 scrolls of magic mapping {!r}
 K - a scroll of fog
 Q - a scroll of vulnerability {!r!r}
 R - a scroll of summoning
Potions
 a - 3 potions of haste
 c - 3 potions of cancellation
 g - a potion of resistance
 i - 4 potions of might
 o - 2 potions of brilliance
 p - 2 potions of mutation {!q}
 r - 3 potions of heal wounds
 u - 5 potions of ambrosia
 D - 4 potions of flight
 L - 2 potions of invisibility
 M - a potion of curing
 V - a potion of agility
Miscellaneous
 l - a lamp of fire
   (You found it on level 2 of the Lair of Beasts)
 J - a lightning rod (inert)
   (You found it on level 3 of the Lair of Beasts)
Comestibles
 n - 18 rations


   Skills:
 + Level 15.1 Fighting
   Level 1.0 Short Blades
 + Level 16.3 Axes
 + Level 11.4 Armour
 - Level 2.4 Dodging
 - Level 0.7 Stealth
 + Level 13.0 Invocations
 + Level 11.2 Evocations


You had 11 spell levels left.
You knew the following spells:

 Your Spells              Type           Power        Failure   Level  Hunger
a - Ensorcelled Hibernat  Hex/Ice        #.....       99%         2    ###....


Dungeon Overview and Level Annotations

Branches:
Dungeon (14/15)            Temple (0/1) D:6            Lair (6/6) D:10
  Swamp (1/4) Lair:3        Snake (0/4) Lair:4        Slime (0/5) Lair:5
    Orc (0/2) D:12         Vaults (0/5) D:13

Altars:
Ashenzari
Gozag
Nemelex Xobeh
Okawaru
Trog
Vehumet
Xom
Jiyva

Shops:
D:5 (


Message History

You barely miss the yaktaur.
The yaktaur wields an arbalest.
The yaktaur shoots a bolt.
The bolt hits you but does no damage. The red ugly thing closely misses you.
The yaktaur misses you.
The yaktaur wields an arbalest.
The yaktaur shoots a bolt.
The bolt closely misses you.
The bolt hits Olfrun!
A skeletal warrior comes into view. It is wielding a flail.
Your orc priest hits the yaktaur with a club.
The yaktaur hits you.
Wulfoc mumbles some strange prayers to Beogh against the yaktaur.
The yaktaur is smitten.
The yaktaur dies!
Beogh accepts your kill.
Wulfoc looks more experienced.
The yaktaur shoots a bolt.
The bolt hits you!!
The yaktaur wields a runed arbalest.
It bursts into flame!
The yaktaur shoots a bolt.
The bolt hits you!! The bolt burns you.
Things that are here:
2 bolts; an ugly thing corpse You take 50 damage, and have 53/135 hp.
MASSIVE DAMAGE!!
A jelly and a skeletal warrior come into view.
The jelly quivers.
Your orc priest hits the yaktaur with a club.
The yaktaur shoots a bolt.
The bolt hits you.
Your smoke demon hits the yaktaur.
Your smoke demon hits the yaktaur but does no damage.
Your smoke demon hits the yaktaur.
Your orange demon stings the yaktaur.
Your orange demon hits the yaktaur.
The red ugly thing tail-slaps you but does no damage. 2 skeletal warriors come into view.
A skeletal warrior is wielding an antimagic battleaxe.
You see here a bolt.
You take 4 damage, and have 49/135 hp.
A skeletal warrior comes into view. It is wielding a dire flail.
The yaktaur shoots a bolt.
The bolt hits you!
Your orc priest hits the yaktaur with a club.
Wulfoc begins to cast a cantrip, but forgets the words!
Olfrun prays to Beogh.
The yaktaur unwields an uncursed arbalest of flaming.
It stops flaming.
The yaktaur hits your orange demon!
Your smoke demon gestures at the yaktaur.
The sticky flame hits the yaktaur.
The yaktaur appears unharmed.
The yaktaur is covered in liquid flames!
Your orange demon barely misses the yaktaur.
Your orange demon hits the yaktaur but does no damage.
The yaktaur shoots a bolt.
The bolt closely misses you.
You see here 2 bolts.
You take 6 damage, and have 43/135 hp.
The yaktaur burns!
Your orc priest hits the yaktaur with a club.
The yaktaur shoots a bolt.
The bolt hits your sun demon.
Your orange demon stings the yaktaur.
Your orange demon hits the yaktaur.
The yaktaur dies!
Beogh accepts your kill. The eight-headed hydra bites you.
* * * LOW HITPOINT WARNING * * *
The eight-headed hydra bites you but does no damage.
The eight-headed hydra bites you!
* * * LOW HITPOINT WARNING * * *
The eight-headed hydra bites you!
* * * LOW HITPOINT WARNING * * *
The eight-headed hydra bites you!
* * * LOW HITPOINT WARNING * * *
The eight-headed hydra bites you.
* * * LOW HITPOINT WARNING * * *
The eight-headed hydra bites you but does no damage. x2
The skeletal warrior barely misses you.
Your sun demon barely misses the red ugly thing.
There is a stone staircase leading up here.
You take 35 damage, and have 8/135 hp.
MASSIVE DAMAGE!!
Really read
k - 2 scrolls of blinking {!r}?
Okay, then.
Unknown command.
Okay, then.
Okay, then.
Okay, then.
Really read
k - 2 scrolls of blinking {!r}?
Blink to where?
You are very lightly contaminated with residual magic.
As you read the scroll of blinking {!r}, it crumbles to dust.
The yaktaur unwields an uncursed arbalest.
The yaktaur hits Olfrun!!
Wulfoc invokes the aid of Beogh against the red ugly thing.
The red ugly thing writhes in agony!
The eight-headed hydra misses your sun demon.
The eight-headed hydra bites your sun demon.
The eight-headed hydra barely misses your sun demon.
The eight-headed hydra bites your sun demon!
The eight-headed hydra bites your sun demon.
The eight-headed hydra closely misses your sun demon.
The eight-headed hydra barely misses your sun demon.
The eight-headed hydra bites your sun demon!
The red ugly thing tail-slaps your sun demon!
Your sun demon is engulfed in flames.
Your sun demon completely resists.
Your orange demon disappears in a puff of smoke!
Your smoke demon disappears in a puff of smoke!
The yaktaur shoots a bolt.
The bolt hits you!
You die...

#........#........
#........+zzz.....
#........#........
#........#...z....
#<......≈#J.......
#......≈≈#<.......
#..##..≈8#uDz.....
#......≈≈#3.......
#......@≈#ooc...##
#........#(.....#
#..####.#§c.).....
#>.# #....(......
#. #.#......... #.
#.#.........
#.#.........
#.#.........
#.#....%....


You could see a yaktaur.

Vanquished Creatures
  A very ugly thing (Swamp:1)
  2 dire elephants (Lair:6)
  A catoblepas (D:13)
  A ghost crab (Swamp:1)
  9 hydras
  An anaconda (Lair:6)
  A two-headed ogre (D:9)
  A centaur warrior (D:13)
  2 dancing weapons (D:13)
  The ghost of 4thArraOfDagon the Zephyrmancer, a journeyman HaAE of Vehumet (D:10)
  An alligator (Swamp:1)
  3 death yaks
  A swamp dragon (Swamp:1)
  2 wizards (D:13)
  A shambling mangrove (Swamp:1)
  3 cyclopes
  A deep elf mage (D:13)
  5 ugly things
  15 elephants
  3 black mambas
  Maurice (D:13)
  3 spiny frogs
  A rime drake (Lair:2)
  6 komodo dragons
  A queen bee (D:9)
  3 trolls
  4 hornets
  2 blink frogs (Lair:1)
  A polar bear (Lair:4)
  Prince Ribbit (D:8)
  5 hippogriffs
  3 slime creatures (D:12)
  A bog body (Swamp:1)
  A spriggan (Swamp:1)
  A wraith (D:10)
  A shadow (Swamp:1)
  2 wyverns
  2 basilisks
  24 yaks
  3 hungry ghosts
  6 vampire mosquitoes
  3 nagas (Lair:4)
  A warg (D:10)
  A soldier ant (D:10)
  2 acid dragons
  A swamp worm (Swamp:1)
  5 water moccasins
  14 porcupines
  A black bear (Lair:4)
  2 ice beasts
  A slave (D:8)
  2 orc warriors
  3 sky beasts
  An eye of draining (D:9)
  A phantom (D:5)
  5 centaurs
  5 ogres
  2 wolves
  4 boggarts
  6 crocodiles
  10 bullfrogs
  Blork the orc (D:5)
  A wyvern zombie (D:10)
  6 scorpions
  A water moccasin skeleton (D:7)
  17 killer bees
  16 wights
  2 electric eels (Lair:3)
  A howler monkey (D:4)
  A centaur zombie (D:7)
  2 bullfrog zombies
  4 crimson imps
  A quasit (D:10)
  A bullfrog skeleton (D:10)
  3 hounds
  A jelly (D:11)
  2 orc priests (D:10)
  2 centaur skeletons
  A gnoll shaman (D:9)
  8 worker ants
  7 iguanas
  6 orc wizards
  A killer bee zombie (D:7)
  2 worker ant zombies
  8 gnolls
  2 river rats (D:3)
  12 adders
  3 shadow imps
  An ooze (D:2)
  6 worms
  4 dart slugs (D:2)
  10 leopard geckos
  20 orcs
  A ball python (D:7)
  9 bats
  12 giant cockroaches
  11 hobgoblins
  21 jackals
  21 kobolds
  5 quokkas
  7 frilled lizards
  10 goblins
  A quokka zombie (D:6)
  10 rats
  3 plants
461 creatures vanquished.

Vanquished Creatures (collateral kills)
  3 dire elephants (Lair:6)
  A two-headed ogre (D:11)
  An unseen horror (D:11)
  Pikel (D:9)
  A deep elf mage (D:13)
  4 oklob plants (Lair:3)
  2 ugly things (D:11)
  An elephant (Lair:6)
  A cyclops (D:13)
  2 black mambas
  6 spiny frogs
  2 gargoyles
  2 centaur skeletons
  3 yaktaurs (D:14)
  A polar bear (Lair:6)
  3 blink frogs (Lair:1)
  A slime creature (D:12)
  4 hippogriffs
  A wraith (D:11)
  7 yaks
  3 vampire mosquitoes (Lair:3)
  5 water moccasins
  A warg (D:10)
  A slave (D:9)
  A phantom (D:11)
  A necrophage (D:11)
  A crocodile (Lair:6)
  2 big kobolds (D:11)
  2 bullfrogs
  A crimson imp (D:11)
  A hound (D:11)
  2 jellies
  An orc priest (D:10)
  2 orc wizards
  2 adders
  A leopard gecko (D:3)
  5 orcs
  2 jackals (D:10)
  5 kobolds (D:11)
  2 butterflies (Lair:5)
  A fungus (Lair:5)
  7 plants
96 creatures vanquished.

Vanquished Creatures (others)
  Erica (D:9)
  An orc high priest (D:14)
  4 orc knights
  4 orc warriors
  2 slaves (D:9)
  4 orc priests
  A gnoll (D:5)
  An adder (D:5)
  A river rat (D:3)
  A shadow imp (D:9)
  18 orcs
  A quokka (D:9)
  26 fungi
  18 plants
83 creatures vanquished.

Grand Total: 640 creatures vanquished

Notes
Turn   | Place    | Note
-------+----------+-------------------------------------------
     0 | D:1      | esc the Hill Orc Artificer began the quest for the Orb.
     0 | D:1      | Reached XP level 1. HP: 16/16 MP: 3/3
   259 | D:1      | Reached XP level 2. HP: 24/24 MP: 4/4
   323 | D:1      | Reached skill level 2 in Fighting
   489 | D:1      | Reached skill level 2 in Dodging
   507 | D:1      | Reached XP level 3. HP: 12/29 MP: 5/5
   856 | D:2      | Found a faded altar of an unknown god.
   890 | D:2      | Found a sparkling altar of Nemelex Xobeh.
  1347 | D:2      | Learned a level 2 spell: Ensorcelled Hibernation
  1470 | D:2      | Reached XP level 4. HP: 27/37 MP: 6/6
  1585 | D:2      | HP: 7/37 [adder (4)]
  1589 | D:2      | Reached skill level 1 in Axes
  1590 | D:2      | HP: 3/55 [poisoned by an adder]
  1595 | D:2      | HP: 2/55 [poisoned by an adder]
  1602 | D:2      | HP: 1/55 [poisoned by an adder]
  1610 | D:2      | HP: 1/55 [poisoned by an adder]
  2230 | D:2      | Reached skill level 2 in Axes
  2946 | D:3      | Reached skill level 9 in Fighting
  2946 | D:3      | Reached skill level 10 in Axes
  2946 | D:3      | Reached XP level 5. HP: 37/58 MP: 7/7
  3098 | D:3      | Noticed an orc warrior
  3122 | D:3      | Reached XP level 6. HP: 55/66 MP: 8/8
  4211 | D:4      | Reached skill level 10 in Fighting
  4363 | D:4      | Reached skill level 1 in Armour
  4631 | D:4      | Found a radiant altar of Vehumet.
  4677 | D:4      | Found a shattered altar of Ashenzari.
  4686 | D:4      | Reached skill level 4 in Evocations
  4686 | D:4      | Reached XP level 7. HP: 67/72 MP: 8/10
  4794 | D:4      | Became a worshipper of Beogh the Brigand
  5075 | D:4      | Found a bloodstained altar of Trog.
  5376 | D:5      | Entered Level 5 of the Dungeon
  5551 | D:5      | Noticed Blork the orc
  5662 | D:5      | Reached skill level 11 in Axes
  5662 | D:5      | Reached skill level 2 in Armour
  5793 | D:5      | Got a transparent dagger
  6036 | D:5      | Found Yshut's Weapon Shop.
  6060 | D:5      | Bought a +0 battleaxe for 78 gold pieces
  6061 | D:5      | Identified the +1 dagger of the Scavenger {pierce, MR++ Dex+5} (You found it on level 5 of the Dungeon)
  6213 | D:5      | Killed Blork the orc
  6213 | D:5      | Reached XP level 8. HP: 79/79 MP: 11/11
  6486 | D:5      | Reached skill level 1 in Invocations
  6690 | D:6      | Reached * piety under Beogh
  7177 | D:6      | Found a staircase to the Ecumenical Temple.
  7220 | D:6      | Reached skill level 3 in Armour
  7220 | D:6      | Reached skill level 2 in Invocations
  7907 | D:7      | Reached ** piety under Beogh
  7907 | D:7      | Reached skill level 5 in Evocations
  8007 | D:7      | Reached skill level 3 in Invocations
  8007 | D:7      | Reached XP level 9. HP: 64/86 MP: 12/12
  8432 | D:7      | Found an opulent altar of Gozag.
  8726 | D:8      | Reached skill level 4 in Armour
  9190 | D:8      | Noticed Prince Ribbit
  9220 | D:7      | Reached skill level 4 in Invocations
  9567 | D:8      | Found a shimmering altar of Xom.
  9572 | D:8      | Found a bloodstained altar of Trog.
  9717 | D:8      | Killed Prince Ribbit
  9799 | D:9      | Noticed Pikel
  9862 | D:9      | Reached skill level 11 in Fighting
  9863 | D:9      | Noticed Erica
  9879 | D:9      | Killed Pikel
  9881 | D:9      | Killed Erica
  9881 | D:9      | Reached XP level 10. HP: 81/95 MP: 14/14
  9896 | D:9      | Reached skill level 12 in Axes
  9960 | D:9      | Reached skill level 5 in Invocations
 10004 | D:9      | Reached skill level 5 in Armour
 10004 | D:9      | Reached skill level 6 in Evocations
 10190 | D:9      | Noticed a cyclops
 10194 | D:9      | Killed a cyclops
 10194 | D:9      | Reached *** piety under Beogh
 10374 | D:9      | Noticed a two-headed ogre
 10382 | D:9      | Killed a two-headed ogre
 10382 | D:9      | Reached skill level 6 in Invocations
 11269 | D:9      | Reached skill level 6 in Armour
 11382 | D:10     | Entered Level 10 of the Dungeon
 11446 | D:10     | Reached XP level 11. HP: 104/104 MP: 16/16
 11476 | D:10     | Got a transparent shortbow
 11550 | D:9      | HP: 26/104 [poisoned by a killer bee]
 11556 | D:9      | HP: 23/104 [poisoned by a killer bee]
 11561 | D:9      | HP: 22/104 [poisoned by a killer bee]
 11566 | D:9      | HP: 21/104 [poisoned by a killer bee]
 11573 | D:9      | HP: 21/104 [poisoned by a killer bee]
 11581 | D:9      | HP: 21/104 [poisoned by a killer bee]
 11916 | D:10     | Reached **** piety under Beogh
 12258 | D:10     | Reached skill level 7 in Evocations
 12271 | D:10     | Noticed 4thArraOfDagon's ghost (journeyman HaAE)
 13013 | D:9      | Reached skill level 7 in Invocations
 13332 | D:11     | Noticed a two-headed ogre
 13343 | D:11     | Killed a two-headed ogre
 13343 | D:11     | Reached skill level 12 in Fighting
 13393 | D:11     | Reached skill level 13 in Axes
 13805 | D:11     | Killed an unseen horror
 13805 | D:11     | Reached skill level 7 in Armour
 13963 | D:11     | Noticed a green ugly thing
 13963 | D:11     | Noticed a green ugly thing
 13971 | D:11     | Killed a cyan ugly thing
 13975 | D:11     | Killed a green ugly thing
 14330 | D:10     | Paralysed by a hornet for 2 turns
 14334 | D:10     | Paralysed by a hornet for 2 turns
 14345 | D:10     | Reached skill level 8 in Invocations
 14346 | D:10     | HP: 25/104 [poisoned by a hornet]
 14351 | D:10     | HP: 19/104 [poisoned by a hornet]
 14356 | D:10     | HP: 15/104 [poisoned by a hornet]
 14362 | D:11     | HP: 12/104 [poisoned by a hornet]
 14367 | D:11     | HP: 10/104 [poisoned by a hornet]
 14373 | D:11     | HP: 10/104 [poisoned by a hornet]
 14381 | D:11     | HP: 10/104 [poisoned by a hornet]
 14756 | D:10     | Found a staircase to the Lair.
 14793 | Lair:1   | Entered Level 1 of the Lair of Beasts
 15574 | Lair:1   | Reached skill level 8 in Evocations
 15619 | Lair:1   | Reached XP level 12. HP: 97/113 MP: 18/18
 16159 | Lair:1   | Reached ***** piety under Beogh
 16325 | Lair:1   | Found the +8 whip "Snakebite" {curare, rPois}
 16333 | Lair:1   | Identified the +10 shortbow "Zusud" {velocity, rF- rC- Str+8 SInv} (You found it on level 10 of the Dungeon)
 16609 | Lair:2   | Reached skill level 8 in Armour
 16634 | Lair:2   | Reached skill level 9 in Invocations
 17707 | Lair:3   | Reached skill level 14 in Axes
 17861 | Lair:3   | Found a dark tunnel.
 17932 | Lair:3   | Reached skill level 13 in Fighting
 18699 | Lair:4   | Found a staircase to the Snake Pit.
 18727 | Lair:3   | Gained Bolgrim as an ally
 18792 | Lair:3   | Found a staircase to the Swamp.
 19137 | Lair:4   | Reached skill level 9 in Evocations
 19436 | Lair:4   | Reached skill level 10 in Invocations
 19701 | Lair:4   | Reached skill level 9 in Armour
 19899 | Lair:4   | Noticed a death yak
 19917 | Lair:4   | Noticed a death yak
 19918 | Lair:4   | Noticed a death yak
 19927 | Lair:3   | Killed a death yak
 19927 | Lair:3   | Reached XP level 13. HP: 67/122 MP: 20/20
 21524 | Lair:5   | Found a viscous altar of Jiyva.
 21524 | Lair:5   | Found a staircase to the Slime Pits.
 22263 | Lair:5   | Reached skill level 11 in Invocations
 22600 | Lair:5   | Reached skill level 15 in Axes
 22618 | Lair:5   | HP: 25/123 [three-headed hydra (6)]
 22620 | Lair:5   | HP: 12/123 [two-headed hydra (4)]
 23011 | Lair:5   | Gained Ugrim as an ally
 23570 | Lair:5   | Reached skill level 14 in Fighting
 23570 | Lair:5   | Reached skill level 10 in Armour
 23756 | Lair:6   | Entered Level 6 of the Lair of Beasts
 23964 | Lair:6   | Reached skill level 10 in Evocations
 23966 | Lair:6   | Gained Bogmar as an ally
 25447 | Lair:6   | Noticed a dire elephant
 25447 | Lair:6   | Noticed a dire elephant
 25449 | Lair:6   | Noticed a dire elephant
 25461 | Lair:6   | HP: 29/124 [dire elephant (19)]
 25467 | Lair:6   | Killed a dire elephant
 25467 | Lair:6   | Reached XP level 14. HP: 33/132 MP: 22/22
 25478 | Lair:6   | Your ally Bogmar died
 25478 | Lair:6   | Killed a dire elephant
 25489 | Lair:6   | Killed a dire elephant
 25506 | Lair:6   | Your ally Ugrim died
 25793 | Lair:6   | Noticed a dire elephant
 25834 | Lair:6   | Killed a dire elephant
 25880 | Lair:6   | Noticed a dire elephant
 26211 | Lair:6   | Identified the Reference Book on Protection
 26282 | Lair:6   | Killed a dire elephant
 26508 | Swamp:1  | Entered Level 1 of the Swamp
 26631 | Swamp:1  | Reached skill level 12 in Invocations
 28208 | Swamp:1  | Noticed a cyan very ugly thing
 28286 | Swamp:1  | Killed a cyan very ugly thing
 28934 | D:10     | Killed 4thArraOfDagon's ghost
 28934 | D:10     | Gained Boghold as an ally
 29374 | D:12     | Reached skill level 11 in Armour
 29419 | D:12     | Found a shimmering altar of Xom.
 29427 | D:12     | Your ally Boghold died
 29538 | D:12     | HP: 22/133 [red ugly thing (23)]
 30150 | D:12     | Found a staircase to the Orcish Mines.
 30397 | D:13     | Reached skill level 16 in Axes
 30548 | D:13     | Found a gate to the Vaults.
 30605 | D:13     | Gained Olfrun as an ally
 30605 | D:13     | Reached skill level 11 in Evocations
 30995 | D:13     | Noticed Maurice
 31006 | D:13     | Gained Wulfoc as an ally
 31050 | D:13     | Killed Maurice
 31268 | D:13     | Reached skill level 15 in Fighting
 31628 | D:13     | Found an iron altar of Okawaru.
 31910 | D:14     | Reached skill level 13 in Invocations
 31914 | D:14     | HP: 28/135 [eight-headed hydra (10)]
 31914 | D:14     | HP: 10/135 [eight-headed hydra (8)]
 31916 | D:14     | Your ally Olfrun died
 31917 | D:14     | Shot with a bolt by a yaktaur

Vault maps used:
D:1:      moated_graveyard_arrival
D:2:      nicolae_overflow_crystal_walls, chequers_ecumenical_altar_twisty,
          serial_aquarium, aquarium_bridge_square, aquarium_window_fake,
          aquarium_window_fake, aquarium_window_1, aquarium_view_2f,
          aquarium_balcony_1b
D:3:      portal_sewer_entry_e, first_ration, kennysheep_crisscross
D:4:      overflow_temple_1_default, fiery_altar_vehumet, bloody_trog
D:5:      serial_shops, shop, uniq_blork_the_orc
D:6:      minmay_temple_entry_nine_rooms
D:7:      nicolae_gozag_seed_capital
D:8:      minitemple, uniq_prince_ribbit1
D:9:      corexii_shack_village, uniq_pikel, uniq_erica
D:10:     erik_lair_orcish_takeover, special_room, david_nohive_1
D:11:     roderic_roman_lattice
D:12:     orc_0_dummy, basic_altar
D:13:     erik_vaults_1, basic_altar, minivault_1, bh_hangedman_babel_library,
          uniq_maurice
D:14:     moated_statue, basic_altar, uniq_agnes
Lair:1:   minmay_guarded_unrand_snakebite, columned_hall_lemuel
Lair:2:   beast_lair_carwin_4, serial_bayou_shore_a, grunt_megastairs_3
Lair:3:   minmay_swamp_entry_swarm, serial_bayou, serial_bayou_lagoon_b,
          serial_bayou_pond_b, serial_bayou_shore_b, serial_bayou_pond_c,
          lightli_volcano_entry_magma_tube, infiniplex_staircase_pool_2,
          minmay_lair_oklob_chamber
Lair:4:   guppyfry_snake_entry_garden, kilobyte_rumbling_trees
Lair:5:   dpeg_slime_entry_enclosed_altar, lemuel_fruit_fields
Lair:6:   due_jungle_book, hangedman_lair_unloving_vines
Swamp:1:  evilmike_swamp_ruin_rubble_1

Skill      XL: |  1  2  3  4  5  6  7  8  9 10 11 12 13 14 |
---------------+-------------------------------------------+-----
Fighting       | 2 9 10 11 12 13 14 15 | 15.1
Dodging        | 2 |  2.4
Axes           | 10 11 12 13 14 15 16 | 16.3
Armour         | 1 2 3 4 6 7 9 10 11 | 11.4
Evocations     | 4 5 6 8 9 10 11 | 11.2
Invocations    | 3 4 6 8 10 11 13 | 13.0
Short Blades   | |  1.0
Stealth        | |  0.7

Action                   |  1- 3 |  4- 6 |  7- 9 | 10-12 | 13-15 || total
-------------------------+-------+-------+-------+-------+-------++-------
Melee: Short sword       |    62 |       |       |       |       ||    62
       Dagger            |   114 |       |       |       |       ||   114
       War axe           |    10 |   240 |   123 |       |       ||   373
       Battleaxe         |       |       |   286 |   494 |   305 ||  1085
       Whip              |       |       |       |   171 |   348 ||   519
       Scimitar          |       |       |       |       |    39 ||    39
Invok: Convert to Beogh  |       |       |     1 |       |       ||     1
       Recall Orcish Fol |       |       |       |     1 |       ||     1
       Smiting           |       |       |       |       |     2 ||     2
Evoke: Wand              |     1 |    11 |    16 |    23 |    29 ||    80
       Lightning rod     |       |       |       |       |     6 ||     6
  Use: Potion            |       |     3 |       |     1 |     2 ||     6
       Scroll            |       |     7 |     9 |    12 |     6 ||    34
 Stab: Sleeping          |       |     2 |       |       |       ||     2
       Distracted        |       |     1 |       |     2 |     2 ||     5
       Paralysed         |       |       |     3 |       |       ||     3
       Petrifying        |       |       |       |       |     3 ||     3
       Petrified         |       |       |       |       |     2 ||     2
  Eat: Chunk             |     2 |     5 |     8 |    10 |    26 ||    51
       Ration            |       |     2 |     3 |     7 |     8 ||    20
Armor: Robe              |    50 |    59 |     6 |       |       ||   115
       Leather armour    |     1 |       |       |       |       ||     1
       Skin              |       |     2 |       |       |       ||     2
       Chain mail        |       |       |   187 |   357 |   342 ||   886
Dodge: Dodged            |   109 |   180 |   141 |   287 |   201 ||   918
       Rpst.: Scimitar   |       |       |       |       |     3 ||     3

Table legend:
 A = Spawn XP
 B = Non-spawn XP
 C = Spawn XP percentage of total XP
 D = Spawn monster count
 E = Non-spawn monster count
 F = Spawn count percentage of total count
 G = Total turns spent on level
                    A         B        C        D         E        F      G
               +---------+---------+-------+---------+---------+-------+---------
         Total |       0 |   84421 |   0.0 |       0 |     543 |   0.0 | 31917
               +---------+---------+-------+---------+---------+-------+---------
           D:1 |       0 |      41 |   0.0 |       0 |      28 |   0.0 |   825
           D:2 |       0 |      84 |   0.0 |       0 |      25 |   0.0 |  2058
           D:3 |       0 |     183 |   0.0 |       0 |      41 |   0.0 |  1381
           D:4 |       0 |     320 |   0.0 |       0 |      18 |   0.0 |  1269
           D:5 |       0 |     575 |   0.0 |       0 |      18 |   0.0 |  1284
           D:6 |       0 |     464 |   0.0 |       0 |      27 |   0.0 |  1095
           D:7 |       0 |     947 |   0.0 |       0 |      25 |   0.0 |  1012
           D:8 |       0 |    1463 |   0.0 |       0 |      19 |   0.0 |  1222
           D:9 |       0 |    5272 |   0.0 |       0 |      46 |   0.0 |  2853
          D:10 |       0 |    3859 |   0.0 |       0 |      45 |   0.0 |  1176
          D:11 |       0 |    3881 |   0.0 |       0 |      41 |   0.0 |  1347
          D:12 |       0 |    3547 |   0.0 |       0 |      12 |   0.0 |  1012
          D:13 |       0 |    8819 |   0.0 |       0 |      21 |   0.0 |  1534
          D:14 |       0 |    3103 |   0.0 |       0 |       9 |   0.0 |    33
        Lair:1 |       0 |    4887 |   0.0 |       0 |      26 |   0.0 |  1670
        Lair:2 |       0 |    2631 |   0.0 |       0 |      15 |   0.0 |  1029
        Lair:3 |       0 |    6551 |   0.0 |       0 |      28 |   0.0 |  2425
        Lair:4 |       0 |    6217 |   0.0 |       0 |      27 |   0.0 |  1918
        Lair:5 |       0 |   10665 |   0.0 |       0 |      25 |   0.0 |  2283
        Lair:6 |       0 |   11713 |   0.0 |       0 |      28 |   0.0 |  2579
       Swamp:1 |       0 |    9199 |   0.0 |       0 |      19 |   0.0 |  1912
               +---------+---------+-------+---------+---------+-------+---------

Vault maps used:
D:1:      moated_graveyard_arrival
D:2:      nicolae_overflow_crystal_walls, chequers_ecumenical_altar_twisty,
          serial_aquarium, aquarium_bridge_square, aquarium_window_fake,
          aquarium_window_fake, aquarium_window_1, aquarium_view_2f,
          aquarium_balcony_1b
D:3:      portal_sewer_entry_e, first_ration, kennysheep_crisscross
D:4:      overflow_temple_1_default, fiery_altar_vehumet, bloody_trog
D:5:      serial_shops, shop, uniq_blork_the_orc
D:6:      minmay_temple_entry_nine_rooms
D:7:      nicolae_gozag_seed_capital
D:8:      minitemple, uniq_prince_ribbit1
D:9:      corexii_shack_village, uniq_pikel, uniq_erica
D:10:     erik_lair_orcish_takeover, special_room, david_nohive_1
D:11:     roderic_roman_lattice
D:12:     orc_0_dummy, basic_altar
D:13:     erik_vaults_1, basic_altar, minivault_1, bh_hangedman_babel_library,
          uniq_maurice
D:14:     moated_statue, basic_altar, uniq_agnes
Lair:1:   minmay_guarded_unrand_snakebite, columned_hall_lemuel
Lair:2:   beast_lair_carwin_4, serial_bayou_shore_a, grunt_megastairs_3
Lair:3:   minmay_swamp_entry_swarm, serial_bayou, serial_bayou_lagoon_b,
          serial_bayou_pond_b, serial_bayou_shore_b, serial_bayou_pond_c,
          lightli_volcano_entry_magma_tube, infiniplex_staircase_pool_2,
          minmay_lair_oklob_chamber
Lair:4:   guppyfry_snake_entry_garden, kilobyte_rumbling_trees
Lair:5:   dpeg_slime_entry_enclosed_altar, lemuel_fruit_fields
Lair:6:   due_jungle_book, hangedman_lair_unloving_vines
Swamp:1:  evilmike_swamp_ruin_rubble_1

Table legend:
 A = Turns spent in this place as a percentage of turns spent in the entire game.
 B = Non-inter-level travel turns spent in this place as a percentage of non-inter-level travel turns spent in the entire game.
 C = Inter-level travel turns spent in this place as a percentage of turns spent in this place.
 D = Turns resting spent in this place as a percentage of non-inter-level travel turns spent in this place.
 E = Turns spent auto-exploring this place as a percentage of non-inter-level travel turns spent in this place.
 F = Non-inter-level travel turns spent in this place divided by the number of levels of this place that you've seen.
                   A       B       C       D       E      F
               +-------+-------+-------+-------+-------+----------------------
         Total | 100.0 | 100.0 |   4.1 |  44.0 |  36.7 | 1457.7
       Dungeon |  56.7 |  56.3 |   4.9 |  37.5 |  40.6 | 1230.2
          Lair |  37.3 |  37.5 |   3.6 |  48.4 |  35.7 | 1913.0
         Swamp |   6.0 |   6.2 |   0.1 |  77.4 |   7.2 | 1911.0
               +-------+-------+-------+-------+-------+----------------------

Table legend:
 A = Kills in this place as a percentage of kills in entire the game.
 B = Kills by you in this place as a percentage of kills by you in the entire game.
 C = Kills by friends in this place as a percentage of kills by friends in the entire game.
 D = Other kills in this place as a percentage of other kills in the entire game.
 E = Experience gained in this place as a percentage of experience gained in the entire game.
 F = Experience gained in this place divided by the number of levels of this place that you have seen.
                   A       B       C       D       E      F
               +-------+-------+-------+-------+-------+----------------------
         Total | 100.0 | 100.0 | 100.0 | 100.0 | 100.0 | 4020.0
       Dungeon |  69.1 |  71.1 |  57.6 | 100.0 |  38.6 | 2325.6
          Lair |  27.4 |  24.7 |  42.4 |   0.0 |  50.5 | 7110.7
         Swamp |   3.5 |   4.2 |   0.0 |   0.0 |  10.9 | 9199.0
               +-------+-------+-------+-------+-------+----------------------
